 Dungeon Crawl Stone Soup version 0.21-a0-538-gd16b88a (webtiles) character file.

40 slep the Chopper (level 3, -2/27 HPs)
             Began as a Demonspawn Gladiator on Dec 17, 2017.
             Slain by Sigmund
             ... wielding a +0 scythe
              (9 damage)
             ... on level 2 of the Dungeon.
             The game lasted 00:02:15 (828 turns).

slep the Chopper (Demonspawn Gladiator)              Turns: 828, Time: 00:02:15

Health: -2/27      AC:  6    Str: 14    XL:     3   Next: 30%
Magic:  3/3        EV: 13    Int:  9    God:
Gold:   44         SH:  0    Dex: 15    Spells: 2/2 levels left

rFire    + . .     SeeInvis .   a - +0 war axe
rCold    . . .     Gourm    .   (no shield)
rNeg     . . .     Faith    .   b - +0 leather armour
rPois    .         Spirit   .   c - +0 helmet
rElec    .         Reflect  .   (no cloak)
rCorr    .         Harm     .   (no gloves)
MR       .....                  (no boots)
Stlth    +.........             (no amulet)
HPRegen  0.09/turn              e - ring of protection from fire
MPRegen  0.08/turn              (no ring)

@: no status effects
A: talons 1, thin metallic scales 1
a: no special abilities


You were on level 2 of the Dungeon.
You were not hungry.

You visited 1 branch of the dungeon, and saw 2 of its levels.

You collected 44 gold pieces.

Inventory:

Hand Weapons
 a - a +0 war axe (weapon)
Missiles
 d - 3 throwing nets (quivered)
 g - 19 poisoned needles
Armour
 b - a +0 leather armour (worn)
 c - a +0 helmet (worn)
Jewellery
 e - a ring of protection from fire (left hand)
Scrolls
 h - a scroll of identify {unknown}
 i - a scroll of enchant armour {unknown}
 k - a scroll of blinking {unknown}
 l - a scroll of noise {unknown}
 m - a scroll of teleportation {unknown}
Potions
 j - a potion of curing {unknown}
 n - a potion of lignification {unknown}
Comestibles
 f - 2 bread rations


   Skills:
 + Level 2.1 Fighting
 + Level 3.5 Axes
 + Level 1.9 Throwing
 + Level 0.3 Armour
 + Level 3.0 Dodging


You had 2 spell levels left.
You didn't know any spells.

Dungeon Overview and Level Annotations

Branches:
Dungeon (2/15)

Altars:

Annotations:
D:2 Sigmund


Innate Abilities, Weirdness & Mutations

You have sharp toenails.
You are partially covered in thin metallic scales. (AC +2)


Message History

Sigmund hits you with a scythe!
* * * LOW HITPOINT WARNING * * *
You hit Sigmund.
Sigmund is heavily wounded.
Sigmund barely misses you.
You closely miss Sigmund. You claw Sigmund.
Sigmund is severely wounded.
Sigmund hits you but does no damage.
Sigmund points at you and mumbles some strange words.
The magic dart hits you!
You barely miss Sigmund.
Sigmund is severely wounded.
Sigmund hits you but does no damage.
You barely miss Sigmund. Your kick misses Sigmund.
Sigmund is severely wounded.
Sigmund closely misses you. Sigmund hits you but does no damage.
You barely miss Sigmund.
Sigmund is severely wounded.
Sigmund hits you with a scythe!
You die...

#..........
#.......... .....#
#.......... .....#
###........ .....#
###..)########.....#
#..................#
#..................#
#...........†).....#.
#...#........@@......
#...#........#.......
#...#........#......#
#####......<.####.#..
####........# # #
#.......%.###
#.........#
#.........#
#.........#


You could see Sigmund.

Vanquished Creatures
  An adder (D:2)
  2 dart slugs (D:2)
  A leopard gecko (D:1)
  2 giant cockroaches (D:1)
  6 goblins
  4 hobgoblins
  A bat (D:1)
  2 frilled lizards (D:1)
  3 kobolds
  5 rats
27 creatures vanquished.

Notes
Turn   | Place    | Note
-------+----------+-------------------------------------------
     0 | D:1      | slep the Demonspawn Gladiator began the quest for the Orb.
     0 | D:1      | Reached XP level 1. HP: 16/16 MP: 1/1
   158 | D:1      | Gained mutation: You are partially covered in thin metallic scales. (AC +2) [demonic ancestry]
   158 | D:1      | Reached XP level 2. HP: 20/22 MP: 2/2
   794 | D:2      | Gained mutation: You have sharp toenails. [demonic ancestry]
   794 | D:2      | Reached XP level 3. HP: 27/27 MP: 3/3
   817 | D:2      | Noticed Sigmund
   828 | D:2      | Slain by Sigmund

Vault maps used:
D:1:      dpeg_arrival_leaves_temple_mockup, minmay_strange_pillars
D:2:      kennysheep_the_goblin_king, first_bread, uniq_sigmund

Skill      XL: |  1  2 |
---------------+-------+-----
Axes           | 3 |  3.5
Dodging        | 3 |  3.0
Fighting       | |  2.1
Throwing       | |  1.9
Armour         | |  0.3

Action                   || total
-------------------------++-------
Melee: War axe           ||    61
       Kick              ||     3
Armor: Leather armour    ||    22
Dodge: Dodged            ||    39

Table legend:
 A = Spawn XP
 B = Non-spawn XP
 C = Spawn XP percentage of total XP
 D = Spawn monster count
 E = Non-spawn monster count
 F = Spawn count percentage of total count
 G = Total turns spent on level
                    A         B        C        D         E        F      G
               +---------+---------+-------+---------+---------+-------+---------
         Total |       0 |      58 |   0.0 |       0 |      27 |   0.0 |   828
               +---------+---------+-------+---------+---------+-------+---------
           D:1 |       0 |      29 |   0.0 |       0 |      19 |   0.0 |   741
           D:2 |       0 |      29 |   0.0 |       0 |       8 |   0.0 |    87
               +---------+---------+-------+---------+---------+-------+---------
